 Dungeon Crawl Stone Soup version 0.17-a0-1870-g9780164 (webtiles) character file.

1410 Sixotanaka the Destroyer (level 8, 0/46 HPs)
             Began as an Octopode Venom Mage on Sept 19, 2015.
             Was a Follower of Vehumet.
             Slain by a hungry ghost (5 damage)
             ... on level 7 of the Dungeon on Sept 20, 2015.
             The game lasted 00:23:48 (8927 turns).

Sixotanaka the Destroyer (Octopode Venom Mage)      Turns: 8927, Time: 00:23:48

Health: 0/46       AC:  1    Str:  7    XL:     8   Next: 70%
Magic:  9/11       EV: 12    Int: 19    God:    Vehumet [*.....]
Gold:   308        SH:  0    Dex: 13    Spells: 3 memorised, 2 levels left

rFire  . . .     SeeInvis .     g - +0 short sword (vamp) {!w}
rCold  . . .     Clarity  .     (no shield)
rNeg   . . .     SustAt   .     (helmet restricted)
rPois  .         Gourm    .     (no amulet)
rElec  .         Spirit   .     (no ring)
rCorr  .         Warding  .     (no ring)
rMut   .         Stasis   .     (no ring)
MR     .....                    (no ring)
Stlth  +++.......               (no ring)
                                (no ring)
                                (no ring)
                                (no ring)

@: starving, not resistant to hostile enchantments, fairly stealthy
A: almost no armour, amphibious, 8 rings, constrict 8, camouflage 1, gelatinous
body 1
a: Renounce Religion


You were on level 7 of the Dungeon.
You worshipped Vehumet.
Vehumet was aware of your devotion.
You were starving.

You visited 2 branches of the dungeon, and saw 8 of its levels.

You collected 308 gold pieces.


Innate Abilities, Weirdness & Mutations

You cannot wear most types of armour.
You are amphibious.
You can wear up to eight rings at the same time.
You can use your tentacles to constrict eight enemies at once.
Your skin changes colour to match your surroundings (Stealth).
Your rubbery body absorbs attacks (AC +1).


   Skills:
 - Level 2.0 Dodging
 - Level 2.6 Stealth
 - Level 2.0 Spellcasting
 + Level 9.5 Conjurations
 - Level 7.0 Poison Magic


You had 2 spell levels left.
You knew the following spells:

 Your Spells              Type           Power        Failure   Level  Hunger
c - Mephitic Cloud        Conj/Pois/Air  ###.....     6%          3    ###....
x - Venom Bolt            Conj/Pois      ####......   17%         5    ######.
z - Sting                 Conj/Pois      ####         1%          1    #......


Dungeon Overview and Level Annotations

Branches:
Dungeon (7/15)             Temple (1/1) D:5

Altars:
Ashenzari
Dithmenos
Elyvilon
Fedhas
Kikubaaqudgha
Makhleb
Nemelex Xobeh
Okawaru
Qazlal
Ru
Sif Muna
Trog
Vehumet
Xom
Yredelemnul
Zin
The Shining One

Shops:
D:7 !

Annotations:
D:3 Grinder
D:5 exclusion: centaur, Eustachio

Inventory:

Hand weapons
 e - a +0 short sword
 g - a +0 vampiric short sword (weapon) {!w}
   (You found it on level 1 of the Dungeon)
Missiles
 m - 29 poisoned needles
Magical staves
 A - an uncursed staff of wizardry {!a}
Jewellery
 j - an uncursed ring of ice
Magical devices
 x - a wand of teleportation (9) {@v4}
 y - a wand of frost (22)
Scrolls
 c - 4 scrolls of remove curse {unknown}
 d - 2 scrolls of magic mapping {unknown}
 h - 3 scrolls of amnesia {unknown}
 k - 2 scrolls of fear {unknown}
 n - 4 scrolls of teleportation {unknown}
 o - a scroll of enchant armour {unknown}
 p - a scroll of recharging
 t - a scroll of blinking {unknown}
 v - 4 scrolls of identify {unknown}
 z - a scroll of enchant weapon {unknown}
Potions
 i - 3 potions of curing {unknown}
 l - a potion of heal wounds {unknown}
 q - 2 potions of invisibility {unknown}
 r - a potion of magic {unknown}
 u - a potion of berserk rage
 w - a potion of lignification {unknown}
 B - a potion of brilliance {unknown}
Books
 a - a Young Poisoner's Handbook
Comestibles
 b - 11 bread rations
 f - a meat ration
 s - 8 chunks of flesh

###########.#############...
#.## #. ##.# #.#.# #. ..
#W##.# .. .. #)# #.# .####..
#. #)# #.##....... #.#
#.#...# #.######.#
#.W@)...#.# #.######### #.#
#.# #.# #.# #.# #.


You could see a hungry ghost.


Message History

You hit the orc.
You feel better.
Your grab misses the orc. The orc closely misses you.
The hungry ghost completely misses you.
You barely miss the orc. Your grab misses the orc. The hungry ghost hits you.
You are near starving!
The orc misses you.
You closely miss the orc. You grab the orc.
You constrict the orc, but do no damage.
The hungry ghost barely misses you.
Unknown command.
You hit the orc. You constrict the orc.
You kill the orc!
Vehumet accepts your kill. The hungry ghost hits you.
You feel somewhat more hungry.
You completely miss the hungry ghost. The hungry ghost misses you.
You hit the hungry ghost. Your squeeze misses the hungry ghost.
The hungry ghost barely misses you.
You hit the hungry ghost. The hungry ghost closely misses you.
You closely miss the hungry ghost. The hungry ghost barely misses you.
You completely miss the hungry ghost. The hungry ghost misses you.
You hit the hungry ghost but do no damage.
The hungry ghost hits you.
You are starving!
The hungry ghost hits you.
You feel somewhat more hungry.
You hit the hungry ghost but do no damage.
The hungry ghost closely misses you.
You miss the hungry ghost. Your squeeze misses the hungry ghost.
The hungry ghost hits you.
* * * LOW HITPOINT WARNING * * *
You feel somewhat more hungry.
You miss the hungry ghost. Your squeeze misses the hungry ghost.
The hungry ghost closely misses you.
You hit the hungry ghost. The hungry ghost hits you.
* * * LOW HITPOINT WARNING * * *
You are fainting from starvation!
You miss the hungry ghost. The hungry ghost hits you.
* * * LOW HITPOINT WARNING * * *
You feel slightly more hungry.
Eat one of 10 chunks of flesh? (ye/n/q/i?)
You are near starving!
The hungry ghost hits you.
* * * LOW HITPOINT WARNING * * *
You feel somewhat more hungry.
You continue eating.
The hungry ghost hits you.
* * * LOW HITPOINT WARNING * * *
You are starving!
You continue eating.
The hungry ghost hits you.
* * * LOW HITPOINT WARNING * * *
You feel somewhat more hungry.
Read which item? (? for menu, Esc to quit)
As you read the scroll labeled KIMMACARUO, it crumbles to dust.
It is a scroll of recharging.
Charge which item? (? for menu, Esc to quit)
Your wand of teleportation {@v4} glows for a moment.
The hungry ghost hits you.
* * * LOW HITPOINT WARNING * * *
You are fainting from starvation!
Eat one of 9 chunks of flesh? (ye/n/q/i?)
You are near starving!
The hungry ghost hits you.
* * * LOW HITPOINT WARNING * * *
You feel somewhat more hungry.
You continue eating.
The hungry ghost hits you.
* * * LOW HITPOINT WARNING * * *
You are starving!
You continue eating.
The hungry ghost hits you.
You die...

Action                   |  1- 3 |  4- 6 |  7- 9 || total
-------------------------+-------+-------+-------++-------
Melee: Short sword       |    15 |    19 |    61 ||    95
       Staff             |       |       |    42 ||    42
 Cast: Sting             |    81 |   147 |    83 ||   311
       Mephitic Cloud    |       |     1 |       ||     1
       Venom Bolt        |       |       |     7 ||     7
  Use: Potion            |       |       |     1 ||     1
       Scroll            |       |       |     1 ||     1
 Stab: Sleeping          |     1 |       |     6 ||     7
       Confused          |       |     1 |       ||     1
  Eat: Chunk             |     2 |     7 |    10 ||    19
       Royal jelly       |     1 |       |       ||     1
       Meat ration       |       |     1 |     2 ||     3
       Pizza             |       |       |     2 ||     2

Vault maps used:
D:1:      shiori_arrival_oz
D:2:      minmay_misc_feat_tower, okawaru_altar_gauntlet_db
D:3:      gammafunk_temple_overflow_elements, ecumenical_altar_1, uniq_terence
D:4:      lemuel_doored_altar, first_bread, uniq_crazy_yiuf_cottage,
          uniq_grinder
D:5:      old_standard_altar, minmay_temple_entry_overgrown, uniq_eustachio
D:6:      lemuel_coloured_pillars_altar
D:7:      wad_crossroads, serial_shops, shop_fountains, grunt_livestock,
          grunt_decor_cap
Temple:   circular_temple_12

Notes
Turn   | Place    | Note
--------------------------------------------------------------
     0 | D:1      | Sixotanaka the Octopode Venom Mage began the quest for the Orb.
     0 | D:1      | Reached XP level 1. HP: 11/11 MP: 3/3
    77 | D:1      | Reached skill level 5 in Poison Magic
   272 | D:1      | Reached XP level 2. HP: 17/17 MP: 0/5
   908 | D:1      | Upgraded the game from 0.17-a0-1851-gf12a9eb to 0.17-a0-1863-g715b4b0
  1044 | D:1      | Reached XP level 3. HP: 21/21 MP: 2/6
  1244 | D:1      | Reached skill level 6 in Poison Magic
  1637 | D:2      | Found an iron altar of Okawaru.
  1799 | D:2      | Upgraded the game from 0.17-a0-1863-g715b4b0 to 0.17-a0-1870-g9780164
  1822 | D:2      | Reached XP level 4. HP: 27/27 MP: 3/7
  2320 | D:2      | Reached skill level 7 in Poison Magic
  2358 | D:2      | Learned a level 3 spell: Mephitic Cloud
  2790 | D:3      | Reached skill level 1 in Conjurations
  3195 | D:3      | Found a faded altar to an unknown god.
  3199 | D:3      | Noticed Terence
  3235 | D:3      | Killed Terence
  3235 | D:3      | Reached skill level 2 in Conjurations
  3235 | D:3      | Reached XP level 5. HP: 26/31 MP: 1/8
  3378 | D:3      | Found a basalt altar of Yredelemnul.
  3378 | D:3      | Found an ancient bone altar of Kikubaaqudgha.
  3628 | D:4      | Noticed Grinder
  3640 | D:4      | Paralysed by Grinder for 5 turns
  3651 | D:3      | HP: 7/31 [goblin/dagger (2)]
  3666 | D:3      | HP: 7/31 [goblin/dagger (2)]
  3668 | D:2      | HP: 3/31 [goblin/dagger (4)]
  4047 | D:4      | Reached skill level 3 in Conjurations
  4203 | D:4      | Reached XP level 6. HP: 36/36 MP: 2/9
  4275 | D:4      | Reached skill level 4 in Conjurations
  4407 | D:4      | Found a shadowy altar of Dithmenos.
  4493 | D:4      | Learned a level 5 spell: Venom Bolt
  4653 | D:4      | Noticed Crazy Yiuf
  4667 | D:4      | Killed Crazy Yiuf
  4667 | D:4      | Reached skill level 5 in Conjurations
  4880 | D:5      | Entered Level 5 of the Dungeon
  4880 | D:5      | Found a staircase to the Ecumenical Temple.
  5134 | Temple   | Entered the Ecumenical Temple
  5220 | D:5      | Reached XP level 7. HP: 26/41 MP: 10/10
  5575 | D:5      | Reached skill level 6 in Conjurations
  5632 | D:5      | Noticed Eustachio
  5709 | D:5      | Found a burning altar of Makhleb.
  6022 | D:6      | Found a radiant altar of Vehumet.
  6030 | D:6      | Became a worshipper of Vehumet
  6316 | D:6      | Reached skill level 7 in Conjurations
  6521 | D:6      | Reached XP level 8. HP: 36/46 MP: 2/11
  7368 | D:7      | Reached skill level 8 in Conjurations
  7478 | D:7      | Acquired Vehumet's first power
  7478 | D:7      | Offered knowledge of Freeze by Vehumet.
  7646 | D:7      | Found Gittemm's Distillery.
  7996 | D:7      | Reached skill level 9 in Conjurations
  8923 | D:7      | HP: 11/46 [hungry ghost (1)]
  8926 | D:7      | HP: 5/46 [hungry ghost (1)]
  8927 | D:7      | Slain by a hungry ghost

Vanquished Creatures
  An ogre (D:7)
  An orc warrior (D:7)
  A black bear (D:7)
  A centaur (D:7)
  A giant frog (D:6)
  A water moccasin skeleton (D:6)
  A scorpion (D:4)
  A giant frog zombie (D:5)
  2 crimson imps
  A centaur zombie (D:5)
  2 hounds (D:6)
  Crazy Yiuf (D:4)
  A gnoll shaman (D:6)
  An orc priest (D:4)
  2 jellies (D:6)
  A giant frog skeleton (D:7)
  Terence (D:3)
  6 iguanas
  2 orc wizards
  A worker ant (D:5)
  9 gnolls
  7 adders
  An adder zombie (D:7)
  5 worms
  4 adder skeletons
  8 giant geckos
  7 orcs
  11 bats
  7 giant cockroaches
  14 hobgoblins
  7 jackals
  2 quokkas
  2 ball pythons
  A ball python skeleton (D:6)
  4 giant newts
  11 goblins
  11 kobolds
  A quokka skeleton (D:6)
  8 rats
149 creatures vanquished.
